PL
ATHLETIC CLUB KC @ NORTHERN VIRGINIA RAINBOW MERMAIDS
06/12/2034
 
TOP OF THE 1ST
Athletic Club KC batting - Pitching for Northern Virginia Rainbow Mermaids : LHP Chris Sommer
Pitching: LHP Chris Sommer
Batting: RHB Colin Bottone 0-0: Ball
1-0: Called Strike
1-1: Ball
2-1: Ball
3-1: SINGLE (Groundball, 4MD)
Batting: SHB Akihiko Fujii 0-0: Ball
1-0: DOUBLE (Line Drive, 5D)
Colin Bottone to third
Colin Bottone scores
Batting: SHB Pedro Vázquez 0-0: Ground out 6-3 (Groundball, 6)
Batting: RHB Andrés Medina 0-0: Called Strike
0-1: Foul Ball, location: 2F
0-2: Ball
1-2: Ball
2-2: Ball
3-2: SINGLE (Line Drive, 6M)
Akihiko Fujii to third
Runner from 3rd tries for Home, SAFE, no throw
Batting: LHB Ramón Morterero 0-0: Ball
1-0: Fly out, F8 (Flyball, 8RXD)
Batting: LHB Wu-shun Chu 0-0: Called Strike
0-1: SINGLE (Line Drive, 9LM)
Andrés Medina to second
Batting: LHB Pablo Hernández 0-0: Ball
1-0: Foul Ball, location: 2F
1-1: Ball
2-1: Swinging Strike
2-2: Foul Ball, location: 2F
2-2: Strikes out swinging
Top of the 1st over - 2 runs, 4 hits, 0 errors, 2 left on base; Athletic Club KC 2 - Northern Virginia 0
BOTTOM OF THE 1ST
Northern Virginia Rainbow Mermaids batting - Pitching for Athletic Club KC : RHP Lester Roadley
Pitching: RHP Lester Roadley
Batting: LHB Scott Kerin 0-0: Ball
1-0: Ball
2-0: Ball
3-0: Base on Balls
Batting: SHB Eustacio Tafalla 0-0: Swinging Strike
0-1: Ball
1-1: Grounds into double play, 6-4-3 (Groundball, 6)
Batting: RHB Zahid Kashani 0-0: Called Strike
0-1: Foul Ball, location: 2F
Error on foul ball, E2
0-2: Fly out, F9 (Flyball, 9)
Bottom of the 1st over - 0 runs, 0 hits, 1 error, 0 left on base; Athletic Club KC 2 - Northern Virginia 0
TOP OF THE 2ND
Athletic Club KC batting - Pitching for Northern Virginia Rainbow Mermaids : LHP Chris Sommer
Batting: RHB Roger Caffyn 0-0: Called Strike
0-1: Ball
1-1: Fly out, F8 (Flyball, 89XD)
Batting: LHB Onye Mahusay 0-0: Foul Ball, location: 2F
0-1: Ball
1-1: Ground out 4-3 (Groundball, 4)
Batting: RHB Colin Bottone 0-0: Called Strike
0-1: SINGLE (Groundball, 4MD)
Batting: SHB Akihiko Fujii 0-0: Fly out, F8 (Line Drive, 8LD)
Top of the 2nd over - 0 runs, 1 hit, 0 errors, 1 left on base; Athletic Club KC 2 - Northern Virginia 0
BOTTOM OF THE 2ND
Northern Virginia Rainbow Mermaids batting - Pitching for Athletic Club KC : RHP Lester Roadley
Batting: SHB Melito Báez 0-0: Foul Ball, location: 2F
0-1: Ground out 6-3 (Groundball, 6)
Batting: LHB Ty Tomblin 0-0: Ball
1-0: Ball
2-0: Ball
3-0: Base on Balls
Batting: LHB José Ruíz 0-0: Ball
1-0: Swinging Strike
1-1: Ball
2-1: Ball
3-1: Fielders Choice at 2nd, 6-4 (Groundball, 6D)
Batting: SHB Galtero Suárez 0-0: Called Strike
0-1: Ball
1-1: Fly out, F8 (Flyball, 78M)
Bottom of the 2nd over - 0 runs, 0 hits, 0 errors, 1 left on base; Athletic Club KC 2 - Northern Virginia 0
TOP OF THE 3RD
Athletic Club KC batting - Pitching for Northern Virginia Rainbow Mermaids : LHP Chris Sommer
Batting: SHB Pedro Vázquez 0-0: Called Strike
0-1: Called Strike
0-2: Ball
1-2: Ball
2-2: Foul Ball, location: 2F
2-2: Strikes out swinging
Batting: RHB Andrés Medina 0-0: Ball
1-0: Called Strike
1-1: Swinging Strike
1-2: SINGLE (Flyball, 78S)
Batting: LHB Ramón Morterero 0-0: Ball
1-0: Called Strike
1-1: Ball
2-1: Grounds into double play, 6-4-3 (Groundball, 6)
Top of the 3rd over - 0 runs, 1 hit, 0 errors, 0 left on base; Athletic Club KC 2 - Northern Virginia 0
BOTTOM OF THE 3RD
Northern Virginia Rainbow Mermaids batting - Pitching for Athletic Club KC : RHP Lester Roadley
Batting: LHB Shelby Noonan 0-0: Swinging Strike
0-1: SINGLE (Line Drive, 8LS)
Batting: LHB Rio Mence 0-0: Called Strike
0-1: Fly out, F8 (Flyball, 8RM)
Batting: LHB Scott Kerin 0-0: Fly out, F9 (Flyball, 9LM)
Batting: SHB Eustacio Tafalla 0-0: Foul Ball, location: 2F
0-1: DOUBLE (Line Drive, 78XD)
Shelby Noonan to third
Batting: RHB Zahid Kashani 0-0: SINGLE (Flyball, 3D)
Shelby Noonan scores
Eustacio Tafalla to third
Batting: SHB Melito Báez 0-0: Ball
Zahid Kashani steals 2nd base
1-0: Ball
2-0: Ball
3-0: Foul Ball, location: 2F
3-1: Foul Ball, location: 2F
3-2: Foul Ball, location: 2F
3-2: Base on Balls
Batting: LHB Ty Tomblin 0-0: DOUBLE (Line Drive, 89D)
Eustacio Tafalla scores
Zahid Kashani scores
Melito Báez to third
Runner from 3rd tries for Home, SAFE, no throw
Batting: LHB José Ruíz 0-0: Swinging Strike
0-1: Called Strike
0-2: Ball
1-2: Ball
2-2: Ball
3-2: Strikes out swinging
Bottom of the 3rd over - 4 runs, 4 hits, 0 errors, 1 left on base; Athletic Club KC 2 - Northern Virginia 4
TOP OF THE 4TH
Athletic Club KC batting - Pitching for Northern Virginia Rainbow Mermaids : LHP Chris Sommer
Batting: LHB Wu-shun Chu 0-0: Ball
1-0: Ball
2-0: Ball
3-0: Base on Balls
Batting: LHB Pablo Hernández 0-0: Called Strike
0-1: Ball
1-1: Ball
2-1: Fly out, F7 (Flyball, 78S)
Batting: RHB Roger Caffyn 0-0: Ball
Wu-shun Chu is caught stealing 2nd base
1-0: Swinging Strike
1-1: Ball
2-1: Called Strike
2-2: Foul Ball, location: 2F
2-2: Ball
3-2: Reached via error on a dropped throw, E1
Batting: LHB Onye Mahusay 0-0: Ball
1-0: Called Strike
1-1: Ball
2-1: Ball
3-1: Base on Balls
Roger Caffyn to second
Batting: RHB Colin Bottone 0-0: Ball
1-0: Called Strike
1-1: SINGLE (Groundball, 4) (infield hit)
Roger Caffyn to third
Onye Mahusay to second
Batting: SHB Akihiko Fujii 0-0: Called Strike
0-1: DOUBLE (Line Drive, 78D)
Roger Caffyn scores
Onye Mahusay scores
Colin Bottone to third
Runner from 3rd tries for Home, SAFE, no throw
Batting: SHB Pedro Vázquez 0-0: Ball
1-0: Ground out 6-3 (Groundball, 6)
Top of the 4th over - 3 runs, 2 hits, 1 error, 1 left on base; Athletic Club KC 5 - Northern Virginia 4
BOTTOM OF THE 4TH
Northern Virginia Rainbow Mermaids batting - Pitching for Athletic Club KC : RHP Lester Roadley
Batting: SHB Galtero Suárez 0-0: Ball
1-0: Ball
2-0: Foul Ball, location: 2F
2-1: Fly out, F8 (Flyball, 8LS)
Batting: LHB Shelby Noonan 0-0: Called Strike
0-1: Called Strike
0-2: Foul Ball, location: 2F
0-2: Ball
1-2: Foul Ball, location: 2F
1-2: Ball
2-2: Foul Ball, location: 2F
2-2: Strikes out swinging
Batting: LHB Rio Mence 0-0: Ball
1-0: Ball
2-0: Ground out U3 (Groundball, 3)
Bottom of the 4th over - 0 runs, 0 hits, 0 errors, 0 left on base; Athletic Club KC 5 - Northern Virginia 4
TOP OF THE 5TH
Athletic Club KC batting - Pitching for Northern Virginia Rainbow Mermaids : LHP Chris Sommer
Batting: RHB Andrés Medina 0-0: Fly out, F8 (Flyball, 8LXD)
Batting: LHB Ramón Morterero 0-0: Fly out, F2 (Popup, 2LF)
Batting: LHB Wu-shun Chu 0-0: Ball
1-0: Ball
2-0: Ball
3-0: Base on Balls
Batting: LHB Pablo Hernández 0-0: Called Strike
Wu-shun Chu steals 2nd base
0-1: Ball
1-1: Foul Ball, location: 2F
1-2: Ball
2-2: Foul Ball, location: 2F
2-2: Ball
3-2: Strikes out swinging
Top of the 5th over - 0 runs, 0 hits, 0 errors, 1 left on base; Athletic Club KC 5 - Northern Virginia 4
BOTTOM OF THE 5TH
Northern Virginia Rainbow Mermaids batting - Pitching for Athletic Club KC : RHP Lester Roadley
Batting: LHB Scott Kerin 0-0: Ball
1-0: Foul Ball, location: 2F
1-1: Foul Ball, location: 2F
1-2: Ball
2-2: Ball
3-2: DOUBLE (Line Drive, 78XD)
Batting: SHB Eustacio Tafalla 0-0: SINGLE (Groundball, 4MD)
Scott Kerin to third
Batting: RHB Zahid Kashani 0-0: Swinging Strike
0-1: Called Strike
0-2: Ball
1-2: Ball
2-2: Ball
3-2: Fly out, F7 (Flyball, 78D)
Runner from 3rd tags up, SCORES, throw made
Batting: SHB Melito Báez 0-0: Ball
1-0: Ball
2-0: Ball
3-0: Called Strike
3-1: Base on Balls
Eustacio Tafalla to second
Batting: LHB Ty Tomblin 0-0: Ball
1-0: Swinging Strike
1-1: Grounds into double play, 6-4-3 (Groundball, 6)
Bottom of the 5th over - 1 run, 2 hits, 0 errors, 1 left on base; Athletic Club KC 5 - Northern Virginia 5
TOP OF THE 6TH
Athletic Club KC batting - Pitching for Northern Virginia Rainbow Mermaids : LHP Chris Sommer
Batting: RHB Roger Caffyn 0-0: Ball
1-0: Called Strike
1-1: Ball
2-1: Swinging Strike
2-2: Ball
3-2: Strikes out swinging
Batting: LHB Onye Mahusay 0-0: Ball
1-0: SINGLE (Groundball, 34D)
Batting: RHB Colin Bottone 0-0: Called Strike
Onye Mahusay steals 2nd base
0-1: Swinging Strike
0-2: Foul Ball, location: 2F
0-2: Fly out, F8 (Line Drive, 78D)
Batting: SHB Akihiko Fujii 0-0: Ball
1-0: Swinging Strike
1-1: Swinging Strike
1-2: Ball
2-2: Foul Ball, location: 2F
2-2: Ball
3-2: DOUBLE (Groundball, 5L)
Onye Mahusay scores
Pitching: RHP Christian Mustard
Batting: SHB Pedro Vázquez 0-0: Called Strike
0-1: Ground out 6-3 (Groundball, 6)
Top of the 6th over - 1 run, 2 hits, 0 errors, 1 left on base; Athletic Club KC 6 - Northern Virginia 5
BOTTOM OF THE 6TH
Northern Virginia Rainbow Mermaids batting - Pitching for Athletic Club KC : RHP Lester Roadley
Batting: LHB José Ruíz 0-0: Ball
1-0: Called Strike
1-1: Ball
2-1: Foul Ball, location: 2F
2-2: Ground out 6-3 (Groundball, 6)
Batting: SHB Galtero Suárez 0-0: Ball
1-0: Foul Ball, location: 2F
1-1: Ball
2-1: Foul Ball, location: 2F
2-2: Foul Ball, location: 2F
2-2: Ground out 5-3 (Groundball, 56)
Batting: LHB Shelby Noonan 0-0: Called Strike
0-1: Called Strike
0-2: Ball
1-2: Ball
2-2: Ball
3-2: Base on Balls
Batting: LHB Rio Mence 0-0: Fly out, F9 (Flyball, 9)
Bottom of the 6th over - 0 runs, 0 hits, 0 errors, 1 left on base; Athletic Club KC 6 - Northern Virginia 5
TOP OF THE 7TH
Athletic Club KC batting - Pitching for Northern Virginia Rainbow Mermaids : RHP Christian Mustard
Batting: RHB Andrés Medina 0-0: Swinging Strike
0-1: Foul Ball, location: 2F
0-2: Strikes out looking
Batting: LHB Ramón Morterero 0-0: Called Strike
0-1: Ball
1-1: Fly out, F8 (Flyball, 8LD)
Batting: LHB Wu-shun Chu 0-0: Ball
1-0: Swinging Strike
1-1: Foul Ball, location: 2F
1-2: Foul Ball, location: 2F
1-2: Ball
2-2: Fly out, F8 (Flyball, 89D)
Top of the 7th over - 0 runs, 0 hits, 0 errors, 0 left on base; Athletic Club KC 6 - Northern Virginia 5
BOTTOM OF THE 7TH
Northern Virginia Rainbow Mermaids batting - Pitching for Athletic Club KC : RHP Lester Roadley
Batting: LHB Scott Kerin 0-0: Ball
1-0: DOUBLE (Line Drive, 9LM)
Batting: SHB Eustacio Tafalla 0-0: Ball
1-0: Fly out, F9 (Flyball, 9S)
Batting: RHB Zahid Kashani 0-0: Ball
1-0: Ball
2-0: Swinging Strike
2-1: Foul Ball, location: 2F
2-2: Fly out, F8 (Flyball, 8LM)
Pitching: RHP Taalay Ibragimov
Batting: SHB Melito Báez 0-0: Ball
1-0: Ground out 4-3 (Groundball, 4)
Bottom of the 7th over - 0 runs, 1 hit, 0 errors, 1 left on base; Athletic Club KC 6 - Northern Virginia 5
TOP OF THE 8TH
Athletic Club KC batting - Pitching for Northern Virginia Rainbow Mermaids : RHP Christian Mustard
Batting: LHB Pablo Hernández 0-0: Foul Ball, location: 2F
0-1: Ball
1-1: Ball
2-1: SOLO HOME RUN (Flyball, 9LD), Distance : 348 ft
Batting: RHB Roger Caffyn 0-0: Ball
1-0: Called Strike
1-1: Ball
2-1: Called Strike
2-2: Ball
3-2: Foul Ball, location: 2F
3-2: Foul Ball, location: 2F
3-2: Strikes out swinging
Batting: LHB Onye Mahusay 0-0: Called Strike
0-1: Called Strike
0-2: Foul Ball, location: 2F
0-2: Strikes out looking
Batting: RHB Colin Bottone 0-0: Called Strike
0-1: Ball
1-1: Ground out 6-3 (Groundball, 6M)
Top of the 8th over - 1 run, 1 hit, 0 errors, 0 left on base; Athletic Club KC 7 - Northern Virginia 5
BOTTOM OF THE 8TH
Northern Virginia Rainbow Mermaids batting - Pitching for Athletic Club KC : RHP Taalay Ibragimov
Batting: LHB Ty Tomblin 0-0: Swinging Strike
0-1: Ball
1-1: Called Strike
1-2: Strikes out swinging
Batting: LHB José Ruíz 0-0: Ball
1-0: Ground out 6-3 (Groundball, 6)
Batting: SHB Galtero Suárez 0-0: Ball
1-0: Foul Ball, location: 2F
1-1: Foul Ball, location: 2F
1-2: Ball
2-2: Ground out 6-3 (Groundball, 6D)
Bottom of the 8th over - 0 runs, 0 hits, 0 errors, 0 left on base; Athletic Club KC 7 - Northern Virginia 5
TOP OF THE 9TH
Athletic Club KC batting - Pitching for Northern Virginia Rainbow Mermaids : RHP Christian Mustard
Batting: SHB Akihiko Fujii 0-0: Ball
1-0: Foul Ball, location: 2F
1-1: Fly out, F9 (Flyball, 9D)
Batting: SHB Pedro Vázquez 0-0: Fly out, F8 (Flyball, 8LD)
Batting: RHB Andrés Medina 0-0: Foul Ball, location: 2F
0-1: Called Strike
0-2: Strikes out swinging
Top of the 9th over - 0 runs, 0 hits, 0 errors, 0 left on base; Athletic Club KC 7 - Northern Virginia 5
BOTTOM OF THE 9TH
Northern Virginia Rainbow Mermaids batting - Pitching for Athletic Club KC : RHP Taalay Ibragimov
Batting: LHB Shelby Noonan 0-0: Called Strike
0-1: Called Strike
0-2: Ball
1-2: Ball
2-2: SINGLE (Groundball, 4MD)
Batting: LHB Rio Mence 0-0: Ball
1-0: Ball
2-0: Swinging Strike
2-1: Ball
3-1: Fly out, F4 (Line Drive, 4)
Batting: LHB Scott Kerin 0-0: Foul Ball, location: 2F
0-1: Called Strike
0-2: Ball
1-2: Ball
2-2: Foul Ball, location: 2F
2-2: Ball
3-2: Foul Ball, location: 2F
3-2: Base on Balls
Shelby Noonan to second
Batting: SHB Eustacio Tafalla 0-0: Called Strike
0-1: Foul Ball, location: 2F
0-2: Foul Ball, location: 2F
0-2: Ball
1-2: Ball
2-2: Foul Ball, location: 2F
2-2: Ball
3-2: Foul Ball, location: 2F
3-2: SINGLE (Line Drive, 7S)
Shelby Noonan to third
Scott Kerin to second
Batting: RHB Zahid Kashani 0-0: Swinging Strike
0-1: Grounds into fielders choice 6-2 (Groundball, 56S)
Scott Kerin to third
Eustacio Tafalla to second
Batting: SHB Melito Báez 0-0: Foul Ball, location: 2F
0-1: Ground out 4-3 (Groundball, 4)
Bottom of the 9th over - 0 runs, 2 hits, 0 errors, 3 left on base; Athletic Club KC 7 - Northern Virginia 5
Friday, March 29th, 2019 - OOTP Baseball 18.8 Build 76